 Dungeon Crawl Stone Soup version 0.31-a0-986-g5e6e4ef867 (webtiles) character file.

Game seed: 16252707514660443487

52 Gelion the Shooter (level 3, 0/22 HPs)
             Began as a Gargoyle Hunter on Nov 13, 2023.
             Slain by Sigmund
             ... wielding a +0 scythe
              (4 damage)
             ... on level 2 of the Dungeon.
             The game lasted 00:01:57 (970 turns).

Gelion the Shooter (Gargoyle Hunter)                 Turns: 970, Time: 00:01:57

Health: 0/22       AC:  6    Str: 14    XL:     3   Next: 85%
Magic:  3/3        EV: 12    Int:  9    God:
Gold:   16         SH:  0    Dex: 15    Spells: 2/2 levels left

rFire   . . .        a - +0 shortbow
rCold   . . .        (shield currently unavailable)
rNeg    + . .        c - +0 leather armour
rPois   ∞            (no helmet)
rElec   +            (no cloak)
rCorr   .            (no gloves)
SInv    .            (no boots)
Will    .....        i - amulet of the acrobat
Stlth   ++           (no ring)
HPRegen 0.23/turn    (no ring)
MPRegen 0.08/turn

%: acrobat
@: no status effects
A: sickness immunity, AC +3, negative energy resistance 1, electricity
resistance, torment resistance 1, petrification resistance
a: no special abilities


You were on level 2 of the Dungeon.
You visited 1 branch of the dungeon, and saw 2 of its levels.

You collected 16 gold pieces.

Inventory:

Hand Weapons
 a - a +0 shortbow (weapon)
Armour
 c - a +0 leather armour (worn)
Jewellery
 i - an amulet of the acrobat (around neck)
 l - an amulet of magic regeneration
Scrolls
 b - a scroll of butterflies
 d - a scroll of blinking {unknown}
 f - a scroll of revelation {unknown}
 g - a scroll of fear {unknown}
 h - a scroll of identify {unknown}
Potions
 e - a potion of degeneration {unknown}
 j - a potion of magic {unknown}
 k - 2 potions of enlightenment {unknown}


   Skills:
 + Level 2.8 Fighting
 * Level 4.7 Ranged Weapons
 + Level 2.1 Dodging
 - Level 1.1 Stealth


You had 2 spell levels left.
You didn't know any spells.
Your spell library contained the following spells:

 Spells                   Type           Power      Damage    Failure   Level
 Apportation              Tloc           0%         N/A       45%         1
 Necrotise                Necr           0%         1d4       45%         1
 Summon Small Mammal      Summ           0%         N/A       45%         1


Dungeon Overview and Level Annotations

Branches:
Dungeon (2/15)

Altars:

Annotations:
D:2 Sigmund


Innate Abilities, Weirdness & Mutations

You are immune to sickness and miasma.
Your stone body is resilient. (AC +3)
You are immune to poison.
You resist negative energy. (rN+)
You are resistant to electric shocks. (rElec)
You are resistant to unholy torment.
You are immune to petrification.


Message History

Sigmund hits you with a +0 scythe.
* * * LOW HITPOINT WARNING * * *
You shoot an arrow. The arrow closely misses Sigmund.
Sigmund barely misses you.
You shoot an arrow. The arrow hits Sigmund.
Sigmund is heavily wounded.
Sigmund hits you with a +0 scythe.
* * * LOW HITPOINT WARNING * * *
You shoot an arrow.
The arrow hits Sigmund but does no damage.
Sigmund is heavily wounded.
You shoot an arrow.
The arrow hits Sigmund but does no damage.
Sigmund is heavily wounded.
Sigmund misses you.
You shoot an arrow.
The arrow hits Sigmund but does no damage.
Sigmund is heavily wounded.
Sigmund hits you but does no damage.
You shoot an arrow. The arrow hits Sigmund.
Sigmund is heavily wounded.
Sigmund casts a spell at you.
You are confused.
You barely miss Sigmund.
Sigmund is heavily wounded.
Sigmund misses you.
You barely miss Sigmund.
Sigmund is heavily wounded.
Sigmund mumbles some strange words.
Sigmund flickers and vanishes!
Deactivating autopickup; reactivate with Ctrl-A.
You bump into the rock wall.
Something barely misses you.
You barely miss something. Something barely misses you.
You bump into the rock wall.
Something hits you but does no damage.
You feel less confused. Something misses you.
Things that are here:
a +0 short sword; a kobold corpse You shoot an arrow.
Something hits you.
You die...

###### ....@.
......# .:.....
#...#############
##
#....S{@........#
..###
#†##.###########.#
..+.. #.
##########.# ..#.#
.. #....##....#
..#.# ###
#....##.#### ..#.#
#....##.# ..#.#
#....##.# ...<#
#....##.# ...##
####....##.#


You could see a ball python.

Vanquished Creatures
  An adder (D:2)
  4 bats
  3 endoplasms (D:1)
  3 giant cockroaches (D:1)
  3 goblins (D:1)
  2 hobgoblins (D:1)
  2 jackals (D:2)
  7 kobolds
  2 quokkas
  7 ball pythons
  A frilled lizard (D:1)
  2 rats (D:1)
37 creatures vanquished.

Notes
Turn   | Place    | Note
-------+----------+-------------------------------------------
     0 | D:1      | Gelion the Gargoyle Hunter began the quest for the Orb.
     0 | D:1      | Reached XP level 1. HP: 12/12 MP: 1/1
   139 | D:1      | Reached XP level 2. HP: 16/18 MP: 2/2
   429 | D:1      | Reached XP level 3. HP: 22/22 MP: 3/3
   942 | D:2      | Noticed Sigmund
   958 | D:2      | HP: 1/22 [Sigmund/+0 scythe (4)]
   970 | D:2      | Slain by Sigmund

Illustrated notes

Levels and vault maps discovered:
D:1:      mushboom_english_gardens, layout_loops_ring, minmay_split_cup_small
D:2:      layout_basic, uniq_sigmund

Skill      XL: |  1  2  3 |
---------------+----------+-----
Dodging        | 2 |  2.1
Fighting       | |  2.8
Ranged Weapons | |  4.7
Stealth        | |  1.1

Action                     || total
---------------------------++-------
  Melee: Shortbow          ||     3
   Fire: Shortbow          ||   145
 Armour: Leather armour    ||    59
  Dodge: Dodged            ||    66

Table legend: (Time is in decaauts)
 A = Elapsed time spent in this place.
 B = Non-inter-level travel time spent in this place.
 C = Inter-level travel time spent in this place.
 D = Time resting spent in this place.
 E = Time spent auto-exploring this place.
 F = Levels seen in this place.
 G = Mean time per level.
                   A        B        C        D        E       F      G
               +--------+--------+--------+--------+--------+-----+--------+
         Total |   1002 |    982 |     20 |      0 |    733 |   2 |  501.0 |
       Dungeon |   1002 |    982 |     20 |      0 |    733 |   2 |  501.0 |
               +--------+--------+--------+--------+--------+-----+--------+

Top non-repeatable levels by time:
     D:1: 870 daAuts
     D:2: 132 daAuts
